TOP OF THE 1ST |
Staten Island Yankees batting - Pitching for Vancouver Canadians : RHP Marco Rodriguez
|
Pitching: RHP Marco Rodriguez
|
|
Batting: RHB Francisco Vargas
|
0-0: Ball 1-0: Ball 2-0: Fly out, F6 (Popup, 6, EV 60.0 MPH)
|
Batting: LHB Joe Vida
|
0-0: Ball 1-0: Called Strike 1-1: Foul Ball, location: 2F 1-2: Foul Ball, location: 2F 1-2: Ground out 6-3 (Groundball, 6, EV 98.8 MPH)
|
Batting: SHB Corey Penson
|
0-0: Ball 1-0: Swinging Strike 1-1: Ball 2-1: Ground out 6-3 (Groundball, 6M, EV 110.6 MPH)
|
Top of the 1st over - 0 runs, 0 hits, 0 errors, 0 left on base; Staten Island 0 - Vancouver 0 |
BOTTOM OF THE 1ST |
Vancouver Canadians batting - Pitching for Staten Island Yankees : RHP Tim Honaker
|
Pitching: RHP Tim Honaker
|
|
Batting: LHB Sonny Flood
|
0-0: Ball 1-0: Ball 2-0: Foul Ball, location: 2F 2-1: Swinging Strike 2-2: Strikes out swinging
|
Batting: LHB Roald Jacobs
|
0-0: Ground out 4-3 (Groundball, 4D, EV 103.1 MPH)
|
Batting: LHB Eric Toney
|
0-0: Ball 1-0: Ball 2-0: Ground out 4-3 (Groundball, 4, EV 79.4 MPH)
|
Bottom of the 1st over - 0 runs, 0 hits, 0 errors, 0 left on base; Staten Island 0 - Vancouver 0 |
TOP OF THE 2ND |
Staten Island Yankees batting - Pitching for Vancouver Canadians : RHP Marco Rodriguez
|
Batting: RHB Nick Murray
|
0-0: Swinging Strike 0-1: Ball 1-1: Foul Ball, location: 2F 1-2: Foul Ball, location: 2F 1-2: Foul Ball, location: 2F 1-2: Strikes out looking
|
Batting: LHB Mike Schermerhorn
|
0-0: Foul Ball, location: 2F 0-1: Swinging Strike 0-2: Strikes out swinging
|
Batting: LHB Dario Segura
|
0-0: Ball 1-0: Called Strike 1-1: Called Strike 1-2: Strikes out swinging
|
Top of the 2nd over - 0 runs, 0 hits, 0 errors, 0 left on base; Staten Island 0 - Vancouver 0 |
BOTTOM OF THE 2ND |
Vancouver Canadians batting - Pitching for Staten Island Yankees : RHP Tim Honaker
|
Batting: LHB Kurt Estep
|
0-0: Ground out 5-3 (Groundball, 56S, EV 65.0 MPH)
|
Batting: RHB John Hering
|
0-0: Called Strike 0-1: Ball 1-1: Ball 2-1: Ball 3-1: Base on Balls
|
Batting: RHB Stephen Casteel
|
0-0: Called Strike John Hering is caught stealing 2nd base 2-4 0-1: DOUBLE (Line Drive, 9LS, EV 107.5 MPH)
|
Batting: RHB Joel Bender
|
0-0: Ground out U3 (Groundball, 34S, EV 66.9 MPH)
|
Bottom of the 2nd over - 0 runs, 1 hit, 0 errors, 1 left on base; Staten Island 0 - Vancouver 0 |
TOP OF THE 3RD |
Staten Island Yankees batting - Pitching for Vancouver Canadians : RHP Marco Rodriguez
|
Batting: SHB Tadaaki Kondo
|
0-0: Ball 1-0: Fly out, F8 (Flyball, 8LXD, EV 102.5 MPH)
|
Batting: SHB Adam Slade
|
0-0: Called Strike 0-1: Ball 1-1: Ball 2-1: Swinging Strike 2-2: Foul Ball, location: 2F 2-2: Ball 3-2: Strikes out swinging
|
Batting: RHB Danny Ayala
|
0-0: Called Strike 0-1: Foul Ball, location: 2F 0-2: Ball 1-2: Ball 2-2: Fly out, F6 (Line Drive, 6MD, EV 69.4 MPH)
|
Top of the 3rd over - 0 runs, 0 hits, 0 errors, 0 left on base; Staten Island 0 - Vancouver 0 |
BOTTOM OF THE 3RD |
Vancouver Canadians batting - Pitching for Staten Island Yankees : RHP Tim Honaker
|
Batting: RHB Javier Ochoa
|
0-0: Called Strike 0-1: Swinging Strike 0-2: Ball 1-2: Ball 2-2: Strikes out swinging
|
Batting: RHB Shunsuke Shiba Inu
|
0-0: Ball 1-0: Swinging Strike 1-1: Swinging Strike 1-2: Strikes out looking
|
Batting: LHB Sonny Flood
|
0-0: Foul Ball, location: 2F 0-1: Ball 1-1: Foul Ball, location: 2F 1-2: Fly out, F7 (Flyball, 7S, EV 78.8 MPH)
|
Bottom of the 3rd over - 0 runs, 0 hits, 0 errors, 0 left on base; Staten Island 0 - Vancouver 0 |
TOP OF THE 4TH |
Staten Island Yankees batting - Pitching for Vancouver Canadians : RHP Marco Rodriguez
|
Batting: RHB Francisco Vargas
|
0-0: Foul Ball, location: 2F 0-1: Called Strike 0-2: Ground out U3 (Groundball, 34, EV 106.2 MPH)
|
Batting: LHB Joe Vida
|
0-0: Foul Ball, location: 2F 0-1: Ball 1-1: Called Strike 1-2: Foul Ball, location: 2F 1-2: Ball 2-2: Foul Ball, location: 2F 2-2: Foul Ball, location: 2F 2-2: Strikes out looking
|
Batting: SHB Corey Penson
|
0-0: Swinging Strike 0-1: Called Strike 0-2: Strikes out swinging
|
Top of the 4th over - 0 runs, 0 hits, 0 errors, 0 left on base; Staten Island 0 - Vancouver 0 |
BOTTOM OF THE 4TH |
Vancouver Canadians batting - Pitching for Staten Island Yankees : RHP Tim Honaker
|
Batting: LHB Roald Jacobs
|
0-0: Ball 1-0: Ball 2-0: SINGLE (Groundball, 15S, EV 75.6 MPH) (infield hit)
|
Batting: LHB Eric Toney
|
0-0: Ball 1-0: Called Strike Roald Jacobs steals 2nd base (no throw) 1-1: Ball 2-1: Foul Ball, location: 2F 2-2: Fly out, F7 (Flyball, 78D, EV 103.8 MPH) Runner from 2nd tags up, SAFE at 3rd with throw by LF
|
Batting: LHB Kurt Estep
|
0-0: Ground out U3 (Groundball, 34, EV 81.2 MPH) Roald Jacobs scores
|
Batting: RHB John Hering
|
0-0: Called Strike 0-1: Swinging Strike 0-2: Ball 1-2: Ball 2-2: Ball 3-2: Fly out, F9 (Flyball, 9D, EV 84.4 MPH)
|
Bottom of the 4th over - 1 run, 1 hit, 0 errors, 0 left on base; Staten Island 0 - Vancouver 1 |
TOP OF THE 5TH |
Staten Island Yankees batting - Pitching for Vancouver Canadians : RHP Marco Rodriguez
|
Batting: RHB Nick Murray
|
0-0: Called Strike 0-1: Ball 1-1: Swinging Strike 1-2: Ball 2-2: Ground out U3 (Groundball, 34, EV 80.0 MPH)
|
Batting: LHB Mike Schermerhorn
|
0-0: Ball 1-0: Ball 2-0: Ball 3-0: Called Strike 3-1: Base on Balls
|
Batting: LHB Dario Segura
|
0-0: Foul Ball, location: 2F 0-1: Ball 1-1: Called Strike 1-2: Ball 2-2: Ball 3-2: Fly out, F8 (Line Drive, 8LD, EV 93.1 MPH)
|
Batting: SHB Tadaaki Kondo
|
0-0: Ground out 1-3 (Groundball, 34S, EV 67.5 MPH)
|
Top of the 5th over - 0 runs, 0 hits, 0 errors, 1 left on base; Staten Island 0 - Vancouver 1 |
BOTTOM OF THE 5TH |
Vancouver Canadians batting - Pitching for Staten Island Yankees : RHP Tim Honaker
|
Batting: RHB Stephen Casteel
|
0-0: Ball 1-0: Ball 2-0: Foul Ball, location: 2F 2-1: Swinging Strike 2-2: Ball 3-2: Foul Ball, location: 2F 3-2: Foul Ball, location: 2F 3-2: Base on Balls
|
Batting: RHB Joel Bender
|
0-0: Ball Stephen Casteel steals 2nd base (no throw) 1-0: Ball Wild Pitch! Stephen Casteel to third 2-0: Foul Ball, location: 2F 2-1: Ball 3-1: Foul Ball, location: 2F 3-2: Ground out 4-3 (Groundball, 4S, EV 67.5 MPH)
|
Batting: RHB Javier Ochoa
|
0-0: Called Strike 0-1: Ball 1-1: Called Strike 1-2: Ball 2-2: Fly out, F9 (Flyball, 9, EV 97.5 MPH)
|
Batting: RHB Shunsuke Shiba Inu
|
0-0: Called Strike 0-1: Ball 1-1: Ground out 5-3 (Groundball, 5, EV 85.6 MPH)
|
Bottom of the 5th over - 0 runs, 0 hits, 0 errors, 1 left on base; Staten Island 0 - Vancouver 1 |
TOP OF THE 6TH |
Staten Island Yankees batting - Pitching for Vancouver Canadians : RHP Marco Rodriguez
|
Batting: SHB Adam Slade
|
0-0: Fly out, F6 (Popup, 6MD, EV 54.4 MPH)
|
Batting: RHB Danny Ayala
|
0-0: Called Strike 0-1: Ball 1-1: Swinging Strike 1-2: Strikes out swinging
|
Batting: RHB Francisco Vargas
|
0-0: Called Strike 0-1: Ball 1-1: Ball 2-1: Foul Ball, location: 2F 2-2: Ball 3-2: Foul Ball, location: 2F 3-2: SINGLE (Groundball, 56, EV 105.0 MPH) (infield hit)
|
Batting: LHB Joe Vida
|
0-0: Ball 1-0: Called Strike 1-1: Foul Ball, location: 2F 1-2: SINGLE (Line Drive, 7S, EV 110.0 MPH) Francisco Vargas to second
|
Batting: SHB Corey Penson
|
0-0: Called Strike 0-1: Ball 1-1: Ball 2-1: Foul Ball, location: 2F 2-2: Ball 3-2: Foul Ball, location: 2F 3-2: Strikes out swinging
|
Top of the 6th over - 0 runs, 2 hits, 0 errors, 2 left on base; Staten Island 0 - Vancouver 1 |
BOTTOM OF THE 6TH |
Vancouver Canadians batting - Pitching for Staten Island Yankees : RHP Tim Honaker
|
Batting: LHB Sonny Flood
|
0-0: Called Strike 0-1: Ball 1-1: SINGLE (Groundball, 6MS, EV 71.2 MPH) (infield hit)
|
Batting: LHB Roald Jacobs
|
0-0: Called Strike Sonny Flood is caught stealing 2nd base 2-6 0-1: Fly out, F7 (Flyball, 7S, EV 93.1 MPH)
|
Batting: LHB Eric Toney
|
0-0: Ball 1-0: Ball 2-0: Called Strike 2-1: Ball 3-1: Base on Balls
|
Batting: LHB Kurt Estep
|
0-0: Ball 1-0: Fielders Choice at 2nd, 6-4 (Groundball, 6, EV 101.9 MPH)
|
Bottom of the 6th over - 0 runs, 1 hit, 0 errors, 1 left on base; Staten Island 0 - Vancouver 1 |
TOP OF THE 7TH |
Staten Island Yankees batting - Pitching for Vancouver Canadians : RHP Marco Rodriguez
|
Now at SS: Lamberto Amicis
|
|
Now in LF: Dan Hilyer
|
|
Batting: RHB Nick Murray
|
0-0: Called Strike 0-1: Swinging Strike 0-2: Strikes out looking
|
Batting: LHB Mike Schermerhorn
|
0-0: Called Strike 0-1: Ball 1-1: Ball 2-1: Ball 3-1: Ground out 6-3 (Groundball, 6, EV 95.6 MPH)
|
Batting: LHB Dario Segura
|
0-0: Ball 1-0: Swinging Strike 1-1: Ball 2-1: Ball 3-1: Foul Ball, location: 2F 3-2: SINGLE (Groundball, 34D, EV 100.6 MPH)
|
Batting: SHB Tadaaki Kondo
|
0-0: Called Strike 0-1: Ball 1-1: Fly out, F9 (Flyball, 9D, EV 88.8 MPH)
|
Top of the 7th over - 0 runs, 1 hit, 0 errors, 1 left on base; Staten Island 0 - Vancouver 1 |
BOTTOM OF THE 7TH |
Vancouver Canadians batting - Pitching for Staten Island Yankees : RHP Tim Honaker
|
Batting: RHB John Hering
|
0-0: Called Strike 0-1: Foul Ball, location: 2F 0-2: Fly out, F9 (Flyball, 89D, EV 84.4 MPH)
|
Batting: RHB Stephen Casteel
|
0-0: Called Strike 0-1: Ball 1-1: Foul Ball, location: 2F 1-2: Ball 2-2: Foul Ball, location: 2F 2-2: Foul Ball, location: 2F 2-2: SINGLE (Groundball, 6MS, EV 68.1 MPH) (infield hit)
|
Batting: RHB Joel Bender
|
0-0: Ball Stephen Casteel steals 2nd base 1-0: Called Strike 1-1: Swinging Strike 1-2: Ball 2-2: Strikes out swinging
|
Pitching: RHP Jake Bryant
|
|
Batting: RHB Javier Ochoa
|
0-0: Swinging Strike 0-1: Ball 1-1: Foul Ball, location: 2F 1-2: Strikes out looking
|
Bottom of the 7th over - 0 runs, 1 hit, 0 errors, 1 left on base; Staten Island 0 - Vancouver 1 |
TOP OF THE 8TH |
Staten Island Yankees batting - Pitching for Vancouver Canadians : RHP Marco Rodriguez
|
Pitching: LHP Luis Concepcion
|
|
Now at 2B: Teko van de Sande
|
|
Now in LF: Mike Johnson
|
|
Now in RF: Dan Hilyer
|
|
Batting: SHB Adam Slade
|
0-0: SINGLE (Groundball, 56D, EV 103.8 MPH)
|
Batting: RHB Danny Ayala
|
0-0: Bunted foul 0-1: Bunted foul 0-2: Ball 1-2: Ball 2-2: Foul Ball, location: 2F 2-2: Ball 3-2: Foul Ball, location: 2F 3-2: Foul Ball, location: 2F 3-2: Ground out 5-3 (Groundball, 5, EV 90.6 MPH) Adam Slade to second
|
Batting: RHB Francisco Vargas
|
0-0: Foul Ball, location: 2F 0-1: Called Strike 0-2: Foul Ball, location: 2F 0-2: Ball 1-2: Foul Ball, location: 2F 1-2: Strikes out swinging
|
Pinch Hitting: SHB Josh Parker
|
0-0: Ball 1-0: Ball 2-0: Fly out, F7 (Line Drive, 7LM, EV 96.9 MPH)
|
Top of the 8th over - 0 runs, 1 hit, 0 errors, 1 left on base; Staten Island 0 - Vancouver 1 |
BOTTOM OF THE 8TH |
Vancouver Canadians batting - Pitching for Staten Island Yankees : RHP Jake Bryant
|
Now in LF: Pat Pemberton
|
|
Batting: RHB Dan Hilyer
|
0-0: Ball 1-0: Swinging Strike 1-1: Foul Ball, location: 2F 1-2: Ball 2-2: Strikes out swinging
|
Batting: LHB Teko van de Sande
|
0-0: Called Strike 0-1: Ball 1-1: Foul Ball, location: 2F 1-2: Strikes out swinging
|
Batting: RHB Lamberto Amicis
|
0-0: Ball 1-0: Foul Ball, location: 2F 1-1: Foul Ball, location: 2F 1-2: Foul Ball, location: 2F 1-2: Ball 2-2: Foul Ball, location: 2F 2-2: Ground out 3-1 (Groundball, 34, EV 77.5 MPH)
|
Bottom of the 8th over - 0 runs, 0 hits, 0 errors, 0 left on base; Staten Island 0 - Vancouver 1 |
TOP OF THE 9TH |
Staten Island Yankees batting - Pitching for Vancouver Canadians : LHP Luis Concepcion
|
Pitching: RHP Bill Couch
|
|
Batting: SHB Corey Penson
|
0-0: Ball 1-0: Foul Ball, location: 2F 1-1: Foul Ball, location: 2F 1-2: Fly out, F8 (Flyball, 8RXD, EV 86.2 MPH)
|
Batting: RHB Nick Murray
|
0-0: Called Strike 0-1: Foul Ball, location: 2F 0-2: Foul Ball, location: 2F 0-2: Strikes out swinging
|
Batting: LHB Mike Schermerhorn
|
0-0: Ground out U3 (Groundball, 3, EV 84.4 MPH)
|
Top of the 9th over - 0 runs, 0 hits, 0 errors, 0 left on base; Staten Island 0 - Vancouver 1 |
|